 Dungeon Crawl Stone Soup version 0.20.1-1-g8b1a95d (console) character file.

212 toffzen the Skirmisher (level 5, 0/70 HPs)
             Began as a Minotaur Abyssal Knight on Dec 21, 2017.
             Was a Believer of Lugonu.
             Slain by a hound (1 damage)
             ... on level 4 of the Dungeon on Dec 22, 2017.
             The game lasted 00:11:48 (2740 turns).

toffzen the Skirmisher (Minotaur Abyssal Knight)    Turns: 2740, Time: 00:11:49

Health: 0/70       AC: 22    Str: 16    XL:     5   Next: 58%
Magic:  6/6        EV:  2    Int:  9    God:    Lugonu [**....]
Gold:   181        SH:  0    Dex: 11    Spells: 4/4 levels left

rFire    . . .     SeeInvis .   a - +1 mace
rCold    . . .     Gourm    .   (no shield)
rNeg     + + +     Faith    .   (armour currently unavailable)
rPois    +         Spirit   .   (helmet currently unavailable)
rElec    .         Reflect  .   (cloak currently unavailable)
rCorr    .         Harm     .   (gloves currently unavailable)
MR       .....     NoTele   +   (boots currently unavailable)
Stlth    +.........             n - amulet of magic regeneration
Regen    0.3/turn               r - +3 ring of evasion
MPRegen  0.2/turn               (no ring)

@: tree-form
A: (retaliatory headbutt)
a: Depart the Abyss, Bend Space, Renounce Religion


You were on level 4 of the Dungeon.
You worshipped Lugonu.
Lugonu was pleased with you.
You were not hungry.
You were a tree.
You visited 1 branch of the dungeon, and saw 4 of its levels.
You visited the Abyss 1 time.

You collected 181 gold pieces.

Inventory:

Hand Weapons
 a - a +1 mace (weapon)
 d - a +0 dagger
Missiles
 b - 98 stones (quivered)
Armour
 g - a +0 cloak (melded)
 k - a +1 ring mail (melded)
Jewellery
 e - an uncursed amulet of rage
 n - an amulet of magic regeneration (around neck)
 r - a +3 ring of evasion (left branch)
Scrolls
 f - a scroll of fog {unknown}
 o - a scroll of teleportation {unknown}
 q - 2 scrolls of enchant armour
 t - a scroll of remove curse {unknown}
Potions
 h - 2 potions of invisibility
 i - a potion of lignification
 j - a potion of heal wounds {unknown}
 m - a potion of mutation {unknown}
Comestibles
 c - 2 bread rations
 l - a meat ration
 s - a royal jelly


   Skills:
 + Level 4.6 Fighting
 + Level 3.9 Maces & Flails
 + Level 3.4 Armour
 + Level 2.6 Dodging
 + Level 3.3 Invocations


You had 4 spell levels left.
You didn't know any spells.

Dungeon Overview and Level Annotations

Branches:
Dungeon (4/15)
 Temple: D:4-7

Altars:
Zin


Innate Abilities, Weirdness & Mutations

((You reflexively headbutt those who attack you in melee.))
((You have a pair of horns on your head.))


Message History

You are no longer poisoned.
As you read the scroll of identify, it crumbles to dust.
i - 2 potions of lignification You turn into a tree.
Your +0 cloak melds into your body.
Your +1 ring mail melds into your body.
Your roots penetrate the ground.
The hound bites you but does no damage.
You hit the hound.
The hound is moderately wounded.
The hound bites you.
* * * LOW HITPOINT WARNING * * *
The hound bites you but does no damage.
You closely miss the hound.
The hound is moderately wounded.
The hound bites you but does no damage. x2
You hit the hound.
The hound is heavily wounded.
The hound bites you.
* * * LOW HITPOINT WARNING * * *
The hound bites you.
You die...

### #.#..........
#h####.#..... #.#
#.#..... #.# #.#
#.# ######.##
#.h.....#
#♣####..##########
#.#...............
#.#.....##########
#.#.........#
#.#.#...###.#
#.#.........#
#.####.###..######
#.# #............
#.################


You could see a hound.

Vanquished Creatures
  A scorpion (D:4)
  Terence (D:2)
  7 adders
  A shadow imp (D:3)
  An ooze (D:4)
  A worm (D:2)
  2 dart slugs
  2 orcs (D:4)
  5 giant cockroaches
  7 goblins
  6 hobgoblins
  2 jackals (D:3)
  8 bats
  7 frilled lizards
  3 kobolds
  7 rats
61 creatures vanquished.

Notes
Turn   | Place    | Note
-------+----------+-------------------------------------------
     0 | Abyss:1  | toffzen the Minotaur Abyssal Knight began the quest for the Orb.
     0 | Abyss:1  | Reached XP level 1. HP: 19/19 MP: 1/1
    16 | Abyss:2  | Found a corrupted altar of Lugonu.
    54 | Abyss:2  | Noticed an eye of draining
    55 | D:1      | Escaped the Abyss
    88 | D:1      | Reached * piety under Lugonu
   313 | D:1      | Reached XP level 2. HP: 14/27 MP: 2/2
   692 | D:2      | Reached skill level 4 in Fighting
   695 | D:2      | Reached XP level 3. HP: 16/33 MP: 3/3
   928 | D:2      | Noticed Terence
   960 | D:2      | Killed Terence
  1272 | D:2      | Reached XP level 4. HP: 40/40 MP: 4/4
  1403 | D:2      | Reached ** piety under Lugonu
  1779 | D:3      | Found a faded altar of an unknown god.
  2094 | D:3      | Reached XP level 5. HP: 45/47 MP: 6/6
  2384 | D:4      | Found a glowing silver altar of Zin.
  2738 | D:4      | HP: 3/70 [hound (2)]
  2740 | D:4      | HP: 1/70 [hound (2)]
  2740 | D:4      | Slain by a hound

Skill      XL: |  1  2  3  4 |
---------------+-------------+-----
Invocations    | 2 3 |  3.3
Fighting       | 4 |  4.6
Dodging        | 2 |  2.6
Maces & Flails | 3 |  3.9
Armour         | 3 |  3.4

Action                   |  1- 3 |  4- 6 || total
-------------------------+-------+-------++-------
Melee: Mace              |    82 |    85 ||   167
       Headbutt          |     4 |    13 ||    17
Throw: Stone             |     3 |    21 ||    24
Invok: Depart the Abyss  |     1 |       ||     1
  Use: Scroll            |     2 |     2 ||     4
       Potion            |       |     1 ||     1
  Eat: Chunk             |     1 |     5 ||     6
Armor: Ring mail         |    24 |    38 ||    62
       Leather armour    |     2 |       ||     2
       Skin              |       |     4 ||     4
Dodge: Dodged            |    51 |    45 ||    96
